 Dungeon Crawl Stone Soup version 0.26.0-20-g3ca415f5b8 (webtiles) character file.

Game seed: 12807014942122615053

83 thiole the Sneak (level 4, -1/27 HPs)
             Began as an Octopode Hedge Wizard on Jan 25, 2021.
             Slain by an adder (2 damage)
             ... on level 2 of the Dungeon.
             The game lasted 00:04:25 (2206 turns).

thiole the Sneak (Octopode Hedge Wizard)            Turns: 2206, Time: 00:04:26

Health: -1/27      AC:  1    Str:  9    XL:     4   Next: 44%
Magic:  9/9        EV: 13    Int: 17    God:
Gold:   73         SH:  0    Dex: 11    Spells: 1/9 levels left

rFire    . . .     SeeInvis .   j - +2 war axe (vorpal)
rCold    . . .     Faith    .   (no shield)
rNeg     . . .     Spirit   .   b - +0 hat
rPois    .         Reflect  .   (no amulet)
rElec    .         Harm     .   (no ring)
rCorr    .         Rampage  .   (no ring)
Will     .....                  (no ring)
Stlth    +++.......             (no ring)
HPRegen  0.09/turn              (no ring)
MPRegen  0.11/turn              (no ring)
                                (no ring)
                                (no ring)

@: mighty, lethally poisoned (-1 -> -4)
A: almost no armour, stealthy swim, amphibious, 8 rings, constrict 8, camouflage
1, gelatinous body 1
a: no special abilities


You were on level 2 of the Dungeon.
You visited 1 branch of the dungeon, and saw 2 of its levels.

You collected 73 gold pieces.

Inventory:

Hand Weapons
 a - a +0 dagger
 f - a +2 whip of electrocution
 j - a +2 vorpal war axe (weapon)
Armour
 b - a +0 hat (worn)
Jewellery
 g - a cursed ring of teleportation {unknown}
Scrolls
 c - 2 scrolls of remove curse {unknown}
 d - a scroll of fear {unknown}
 e - a scroll of magic mapping {unknown}
 i - a scroll of enchant armour {unknown}
 m - a scroll of amnesia {unknown}
Potions
 h - a potion of heal wounds {unknown}
 k - a potion of might
 l - a potion of flight {unknown}


   Skills:
 - Level 2.0 Dodging
 + Level 4.3 Stealth
 + Level 3.4 Spellcasting
 - Level 2.0 Conjurations
 - Level 2.0 Summonings
 - Level 1.0 Translocations
 + Level 0.1 Air Magic
 * Level 0.4 Poison Magic


You had one spell level left.
You knew the following spells:

 Your Spells              Type           Power        Failure   Level
a - Magic Dart            Conj           36%          8%          1
b - Call Imp              Summ           9%           11%         2
c - Blink                 Tloc           N/A          17%         2
d - Mephitic Cloud        Conj/Pois/Air  5%           34%         3

Your spell library contained the following spells:

 Spells                   Type           Power        Failure   Level
 Slow                     Hex            2%           26%         2
 Conjure Flame            Conj/Fire      6%           32%         3


Dungeon Overview and Level Annotations

Branches:
Dungeon (2/15)

Altars:


Innate Abilities, Weirdness & Mutations

You cannot wear most types of armour.
You are very stealthy in the water. (Stealth+)
You are amphibious.
You can wear up to eight rings at the same time.
You can use your tentacles to constrict eight enemies at once.
Your skin changes colour to match your surroundings (Stealth+).
Your rubbery body absorbs attacks. (AC +1, EV +1)


Message History

The adder poisons you!
You slash the worm!
You kill the worm!
You miss the adder.
You feel sick. The adder misses you. The adder bites you.
* * * LOW HITPOINT WARNING * * *
You closely miss the adder. Your grab misses the adder.
The adder is heavily wounded.
* * * LOW HITPOINT WARNING * * *
You feel sick. The adder bites you.
* * * LOW HITPOINT WARNING * * *
The adder closely misses you.
You miss the adder. Your grab misses the adder. You squeeze the adder.
The adder is severely wounded.
The adder bites you.
* * * LOW HITPOINT WARNING * * *
It was a potion of might.
You feel very mighty all of a sudden.
* * * LOW HITPOINT WARNING * * *
You feel sick. The adder bites you.
You die...

##.#.#
##.......##
#..## ###.#
##.....## #.##
..# ##...##
#.# ### ##+##
#.#
###[########.#
#.........##.#
#.#$#..>.....#
#...S.###.####
#...@.# #.#
.......†.# #.#
####.#.### #.#
#.## #.# # ..#
###


You could see an adder.

Vanquished Creatures
  An orc priest (D:2)
  3 worms (D:2)
  2 dart slugs (D:1)
  2 leopard geckos (D:1)
  3 orcs (D:2)
  3 bats (D:1)
  3 goblins
  6 hobgoblins
  3 frilled lizards
  6 kobolds
  7 rats
39 creatures vanquished.

Notes
Turn   | Place    | Note
-------+----------+-------------------------------------------
     0 | D:1      | thiole the Octopode Hedge Wizard began the quest for the
                  | Orb.
     0 | D:1      | Reached XP level 1. HP: 11/11 MP: 4/4
   207 | D:1      | Reached XP level 2. HP: 4/17 MP: 1/6
   676 | D:1      | Reached skill level 3 in Stealth
   957 | D:1      | Reached XP level 3. HP: 21/21 MP: 4/7
  1526 | D:2      | Reached skill level 4 in Stealth
  1526 | D:2      | Reached XP level 4. HP: 27/27 MP: 6/9
  1730 | D:2      | Learned a level 2 spell: Call Imp
  1733 | D:2      | Learned a level 2 spell: Blink
  1737 | D:2      | Learned a level 3 spell: Mephitic Cloud
  2206 | D:2      | HP: 1/27 [poisoned by an adder]
  2206 | D:2      | Slain by an adder

Illustrated notes

Levels and vault maps discovered:
D:1:      psy_arrival_statuary, layout_loops_ring
D:2:      layout_loops_corners, marbit_many_paths, minmay_circle_x

Skill      XL: |  1  2  3 |
---------------+----------+-----
Stealth        | 3 4 |  4.3
Conjurations   | 2 |  2.0
Summonings     | 2 |  2.0
Dodging        | |  2.0
Spellcasting   | |  3.4
Translocations | |  1.0
Air Magic      | |  0.1
Poison Magic   | |  0.4

Action                   |  1- 3 |  4- 6 || total
-------------------------+-------+-------++-------
Melee: Dagger            |    11 |       ||    11
       Tentacles         |     6 |     3 ||     9
       Constrict         |     7 |     3 ||    10
       Whip              |     9 |       ||     9
       War axe           |     1 |    19 ||    20
 Cast: Magic Dart        |    56 |    12 ||    68
  Use: Potion            |       |     1 ||     1
 Stab: Sleeping          |     1 |     2 ||     3
Dodge: Dodged            |    11 |    13 ||    24
